 Dungeon Crawl Stone Soup version 0.28.0-53-g5a82cb258f (webtiles) character file.

Game seed: 3684390753802871045

32 Sin92 the Skirmisher (level 3, 0/29 HPs)
             Began as a Demonspawn Fighter on July 15, 2022.
             Succumbed to an adder's poison
             ... on level 2 of the Dungeon.
             The game lasted 00:02:34 (1362 turns).

Sin92 the Skirmisher (Demonspawn Fighter)           Turns: 1362, Time: 00:02:35

Health: 0/29       AC:  6    Str: 18    XL:     3   Next: 10%
Magic:  3/3        EV:  9    Int: 11    God:
Gold:   57         SH:  4    Dex: 10    Spells: 3/3 levels left

rFire   . . .      SeeInvis .   a - +0 flail (vorpal)
rCold   . . .      Faith    .   c - +0 buckler
rNeg    . . .      Spirit   .   b - +0 scale mail
rPois   .          Reflect  .   (helmet restricted)
rElec   .          Harm     .   (no cloak)
rCorr   .          Rampage  .   (no gloves)
Will    .....                   (no boots)
Stlth   ..........              (no amulet)
HPRegen 0.09/turn               (no ring)
MPRegen 0.08/turn               (no ring)

@: lethally poisoned (0 -> -4), attractive
A: demonic guardian 1, antennae 1, clever 1, clumsy 1
a: no special abilities


You were on level 2 of the Dungeon.
You visited 1 branch of the dungeon, and saw 2 of its levels.

You collected 57 gold pieces.

Inventory:

Hand Weapons
 a - a +0 vorpal flail (weapon)
Armour
 b - a +0 scale mail (worn)
 c - a +0 buckler (worn)
Jewellery
 f - a ring of resist corrosion
Potions
 d - a potion of might


   Skills:
 + Level 3.2 Fighting
 * Level 2.4 Maces & Flails
 + Level 2.9 Armour
 + Level 2.9 Shields
 + Level 0.6 Spellcasting


You had 3 spell levels left.
You didn't know any spells.
Your spell library contained the following spells:

 Spells                   Type           Power      Damage    Failure   Level
 Confusing Touch          Hex            0%         N/A       99%         3
 Yara's Violent Unravell  Hex/Tmut       0%         3d3       100%        5
 Enfeeble                 Hex            0%         N/A       100%        7


Dungeon Overview and Level Annotations

Branches:
Dungeon (2/15)

Altars:


Innate Abilities, Weirdness & Mutations

A weak demonic guardian rushes to your aid.
You have a pair of small antennae on your head.
Your mind is acute. (Int +2)
You are clumsy. (Dex -2)


Message History

The adder is moderately wounded.
You feel sick. The adder bites you but does no damage.
You closely miss the adder.
The adder is moderately wounded.
You feel sick. The adder bites you. The adder barely misses you.
You miss the adder.
The adder is moderately wounded.
You feel sick. The adder bites you.
* * * LOW HITPOINT WARNING * * *
A demonic guardian appears!
You are lethally poisoned!
The adder poisons you! The adder bites you but does no damage.
* * * LOW HITPOINT WARNING * * *
You feel sick.
Your white imp gestures at the adder.
The puff of frost hits the adder!
The adder dies!
You have reached level 3!
Your experience leads to an increase in your attributes!
Increase (S)trength, (I)ntelligence, or (D)exterity?
You feel stronger. x2
There is a lethal amount of poison in your body!
There is a lethal amount of poison in your body!
There is a lethal amount of poison in your body!
There is a lethal amount of poison in your body!
There is a lethal amount of poison in your body!
It was a potion of mutation.
You feel extremely strange.
You feel clumsy. A pair of antennae grows on your head!
You feel clever.
* * * LOW HITPOINT WARNING * * *
You feel sick.
It was a potion of attraction.
You feel attractive to monsters.
* * * LOW HITPOINT WARNING * * *
You feel sick.
Okay, then.
As you read the scroll labelled QUDOJO FUBOS, it crumbles to dust.
It is a scroll of brand weapon.
Your +0 flail emits a brilliant flash of light!
a - a +0 vorpal flail (weapon)
You die...

#......
##.....#########
#....†.........#
#..............#
#..............#
#..........####
#..........#
#..........#
#.....@5...#
######†##### #.#
#.# #.# #.# #..
###


You could see a friendly white imp (summoned).

Vanquished Creatures
  4 endoplasms (D:1)
  A goblin (D:1)
  3 kobolds
  4 ball pythons (D:1)
  4 bats
  4 frilled lizards (D:1)
  2 rats (D:1)
22 creatures vanquished.

Vanquished Creatures (collateral kills)
  An adder (D:2)
  An endoplasm (D:2)
2 creatures vanquished.

Grand Total: 24 creatures vanquished

Notes
Turn   | Place    | Note
-------+----------+-------------------------------------------
     0 | D:1      | Sin92 the Demonspawn Fighter began the quest for the Orb.
     0 | D:1      | Reached XP level 1. HP: 18/18 MP: 1/1
    65 | D:1      | Found a faded altar of an unknown god.
   316 | D:1      | Gained mutation: A weak demonic guardian rushes to your
                  | aid. [demonic ancestry]
   316 | D:1      | Reached XP level 2. HP: 19/24 MP: 2/2
  1360 | D:2      | Reached XP level 3. HP: 3/29 MP: 3/3
  1360 | D:2      | Gained mutation: You are clumsy. (Dex -2) [potion of
                  | mutation]
  1360 | D:2      | Gained mutation: You have a pair of small antennae on your
                  | head. [potion of mutation]
  1360 | D:2      | Gained mutation: Your mind is acute. (Int +2) [potion of
                  | mutation]
  1361 | D:2      | HP: 1/29 [poisoned by an adder]
  1362 | D:2      | Succumbed to an adder's poison

Illustrated notes

Levels and vault maps discovered:
D:1:      dpeg_arrival_orchard, layout_loops_corners,
          nicolae_ecumenical_lake_church, wander_ebering_terrifying_dragon_lair
D:2:      layout_basic

Skill      XL: |  1 |
---------------+----+-----
Maces & Flails | 2 |  2.4
Fighting       | |  3.2
Armour         | |  2.9
Shields        | |  2.9
Spellcasting   | |  0.6

Action                   || total
-------------------------++-------
Melee: Flail             ||    70
  Use: Scroll            ||     4
       Potion            ||     2
Armor: Scale mail        ||    42
Dodge: Dodged            ||    39
Block: Buckler           ||    16
